 Dungeon Crawl Stone Soup version 0.18.1-8-gdd0e5ea (webtiles) character file.

389 deorigin the Slasher (level 6, -9/44 HPs)
             Began as a Demonspawn Gladiator on May 29, 2016.
             Mangled by an orc wizard
             ... wielding a +1 dagger of electrocution
              (13 damage)
             ... on level 4 of the Dungeon.
             The game lasted 00:07:01 (3708 turns).

deorigin the Slasher (Demonspawn Gladiator)         Turns: 3708, Time: 00:07:02

Health: -9/44      AC:  8    Str: 15    XL:     6   Next: 50%
Magic:  6/6        EV: 12    Int:  7    God:
Gold:   204        SH:  0    Dex: 17    Spells: 0 memorised, 5 levels left

rFire  . . .     SeeInvis .     a - +0 long sword
rCold  . . .     Gourm    .     C - +0 ring mail (curse)
rNeg   . . .     Faith    .     (no shield)
rPois  .         Spirit   .     c - +0 helmet
rElec  .         Dismiss  .     (no cloak)
rCorr  .         Reflect  .     M - +0 pair of gloves
SustAt .         Harm     .     N - +0 pair of boots
MR     +....                    (no amulet)
Stlth  +.........               K - ring of protection from magic
                                i - -3 ring of intelligence (curse)

@: somewhat resistant to hostile enchantments, very unstealthy
A: claws 2, thin skeletal structure 1, demonic guardian 1, powered by death 1
a: no special abilities


You were on level 4 of the Dungeon.
You were not hungry.

You visited 1 branch of the dungeon, and saw 4 of its levels.

You collected 204 gold pieces.

Inventory:

Hand Weapons
 a - a +0 long sword (weapon)
 u - a +0 dagger
 z - a +3 dagger
 E - a +0 blowgun
 J - a +0 flail
Missiles
 d - 3 throwing nets (quivered)
 y - 16 tomahawks
 D - 9 poisoned needles
Armour
 b - a +0 leather armour
 c - a +0 helmet (worn)
 w - a +0 plate armour
 B - a +0 scale mail
 C - a cursed +0 ring mail (worn)
 M - a +0 pair of gloves (worn)
 N - a +0 pair of boots (worn)
Jewellery
 i - a cursed -3 ring of intelligence (left hand)
 K - a ring of protection from magic (right hand)
Scrolls
 e - 2 scrolls of teleportation {unknown}
 g - 5 scrolls of remove curse {unknown}
 h - 2 scrolls of enchant armour {unknown}
 k - a scroll of recharging {unknown}
 m - a scroll of fear {unknown}
 p - a scroll of fog {unknown}
 r - 2 scrolls of noise {unknown}
 s - 2 scrolls of identify {unknown}
 x - a scroll of enchant weapon {unknown}
 H - a scroll of magic mapping {unknown}
Potions
 j - a potion of curing {unknown}
 l - 2 potions of lignification {unknown}
 n - a potion of flight {unknown}
 o - a potion of magic {unknown}
 v - 2 potions of brilliance {unknown}
 A - a potion of resistance {unknown}
 F - a potion of mutation {unknown}
 G - a potion of haste {unknown}
 I - a potion of cure mutation {unknown}
Comestibles
 f - 2 bread rations
 q - 2 beef jerkies
 t - 3 meat rations
 L - 3 chunks of flesh


   Skills:
 - Level 2.0 Fighting
 - Level 5.2 Long Blades
 - Level 1.7 Throwing
 - Level 2.3 Armour
 - Level 2.6 Dodging
 + Level 3.0 Unarmed Combat


You had 5 spell levels left.
You didn't know any spells.

Dungeon Overview and Level Annotations

Branches:
Dungeon (4/15)
 Temple: D:4-7

Altars:
Cheibriados
Nemelex Xobeh
The Shining One

Annotations:
D:4 Lovchig's ghost, amateur MiFi


Innate Abilities, Weirdness & Mutations

You have very sharp fingernails.
You have a somewhat thin skeletal structure (Dex +2, Stealth).
A weak demonic guardian rushes to your aid.
You regenerate a little health from kills.


Message History

The orc priest is lightly wounded.
The orc priest misses you.
The orc priest calls upon Beogh to heal the orc wizard.
The orc wizard is healed somewhat.
You barely miss the orc priest.
The orc priest is lightly wounded.
The orc wizard casts a spell at you. The puff of flame hits you!
The orc priest closely misses you.
Your crimson imp closely misses the orc priest.
Unknown command.
You slash the orc priest!
The orc priest is heavily wounded.
The orc wizard hits you with a dagger of electrocution.
You are electrocuted!
* * * LOW HITPOINT WARNING * * *
The orc priest casts a cantrip, but nothing happens.
Your crimson imp hits the orc priest but does no damage.
The orc wizard hits you but does no damage.
You are electrocuted!
You die...

####.#...........#+##
#....'...........#
#....#...........#
#....#...........#
#....#...........#
#########...........#
........#######.....#
........'.....#.....#
........#@o...+.....#
........#o5)..#.....##+#
........#.....#)).......
........#######)).......
####....................
#....................
#..<.................
#....................
#....######+#....##+##


You could see an orc priest, an orc wizard and a friendly crimson imp.

Vanquished Creatures
  A scorpion (D:4)
  An orc priest (D:4)
  2 orc wizards (D:4)
  A giant frog skeleton (D:4)
  A hound (D:4)
  An iguana (D:4)
  A worker ant (D:4)
  3 adders
  2 oozes (D:1)
  An adder skeleton (D:4)
  A worm (D:3)
  A giant gecko (D:3)
  24 orcs
  5 giant cockroaches
  9 hobgoblins
  7 jackals (D:4)
  8 kobolds
  3 bats
  3 giant newts (D:2)
  8 goblins
  7 rats
90 creatures vanquished.

Vanquished Creatures (collateral kills)
  An orc (D:4)
1 creature vanquished.

Grand Total: 91 creatures vanquished

Notes
Turn   | Place    | Note
--------------------------------------------------------------
     0 | D:1      | deorigin the Demonspawn Gladiator began the quest for the Orb.
     0 | D:1      | Reached XP level 1. HP: 16/16 MP: 1/1
   330 | D:1      | Reached skill level 3 in Long Blades
   330 | D:1      | Gained mutation: You regenerate a little health from kills. [demonic ancestry]
   330 | D:1      | Reached XP level 2. HP: 13/22 MP: 2/2
  1146 | D:2      | Gained mutation: You have a somewhat thin skeletal structure (Dex +2, Stealth). [demonic ancestry]
  1146 | D:2      | Reached XP level 3. HP: 24/27 MP: 3/3
  1282 | D:2      | Found a glowing golden altar of the Shining One.
  1333 | D:2      | Reached skill level 4 in Long Blades
  1451 | D:2      | Found a snail-covered altar of Cheibriados.
  1885 | D:3      | Gained mutation: You have sharp fingernails. [demonic ancestry]
  1885 | D:3      | Reached XP level 4. HP: 23/33 MP: 4/4
  2394 | D:3      | Reached skill level 1 in Armour
  2716 | D:4      | Gained mutation: You have very sharp fingernails. [demonic ancestry]
  2716 | D:4      | Reached XP level 5. HP: 25/38 MP: 5/5
  2723 | D:4      | Reached skill level 5 in Long Blades
  2770 | D:4      | Found a sparkling altar of Nemelex Xobeh.
  2929 | D:4      | Noticed Lovchig's ghost (amateur MiFi)
  3272 | D:4      | Reached skill level 1 in Unarmed Combat
  3272 | D:4      | Gained mutation: A weak demonic guardian rushes to your aid. [demonic ancestry]
  3272 | D:4      | Reached XP level 6. HP: 9/44 MP: 6/6
  3274 | D:4      | HP: 1/44 [iguana (8)]
  3708 | D:4      | Mangled by an orc wizard

Skill      XL: |  1  2  3  4  5  6 |
---------------+-------------------+-----
Long Blades    | 3 4 5 |  5.2
Armour         | 1 2 |  2.3
Unarmed Combat | 1 3 |  3.0
Fighting       | |  2.0
Throwing       | |  1.7
Dodging        | |  2.6

Action                   |  1- 3 |  4- 6 || total
-------------------------+-------+-------++-------
Melee: Long sword        |   125 |   200 ||   325
       Punch             |       |     1 ||     1
Throw: Throwing net      |       |     2 ||     2
 Stab: Sleeping          |     3 |       ||     3
  Eat: Chunk             |     3 |     6 ||     9
Armor: Leather armour    |    39 |     2 ||    41
       Scale mail        |       |    58 ||    58
       Ring mail         |       |    43 ||    43
Dodge: Dodged            |    73 |   153 ||   226
